 Dungeon Crawl Stone Soup version 0.21-a0-498-g1b60429 (webtiles) character file.

4136 Ijustatesigmund the Fighter (level 10, -3/73 HPs)
             Began as an Octopode Artificer on Nov 24, 2017.
             Was an Elder of Okawaru.
             Slain by a yak (13 damage)
             ... on level 9 of the Dungeon.
             The game lasted 00:19:23 (9225 turns).

Ijustatesigmund the Fighter (Octopode Artificer)    Turns: 9225, Time: 00:19:23

Health: -3/73      AC:  5    Str: 14    XL:     10   Next: 27%
Magic:  15/15      EV: 19    Int: 14    God:    Okawaru [****..]
Gold:   474        SH:  0    Dex: 15    Spells: 9/9 levels left

rFire    . . .     SeeInvis .   a - +2 flail
rCold    . . .     Gourm    .   (no shield)
rNeg     . . .     Faith    .   (helmet restricted)
rPois    +         Spirit   .   (no amulet)
rElec    .         Reflect  .   n - ring of poison resistance
rCorr    .         Harm     .   (no ring)
MR       .....                  (no ring)
Stlth    ++++......             (no ring)
HPRegen  0.22/turn              (no ring)
MPRegen  0.14/turn              (no ring)
                                (no ring)
                                (no ring)

@: heroism
A: almost no armour, stealthy swim, amphibious, 8 rings, constrict 8, icy blue
scales 1, slimy green scales 1, camouflage 1, strong 1, gelatinous body 1
a: Heroism, Renounce Religion


You were on level 9 of the Dungeon.
You worshipped Okawaru.
Okawaru was greatly pleased with you.
You were hungry.

You visited 1 branch of the dungeon, and saw 9 of its levels.

You collected 474 gold pieces.

Inventory:

Hand Weapons
 a - a +2 flail (weapon)
Jewellery
 n - a ring of poison resistance (left tentacle)
 y - an uncursed ring of fire
Wands
 b - a wand of flame (36)
 c - a wand of enslavement (5)
 d - a wand of random effects (8)
 v - a wand of scattershot (4)
 w - a wand of paralysis (5)
Scrolls
 h - 4 scrolls of identify
 i - a scroll of fog
 j - 3 scrolls of immolation
 k - a scroll of remove curse
 u - 2 scrolls of teleportation
 x - a scroll of enchant armour
Potions
 e - a potion of flight
 g - a potion of cancellation
 p - 2 potions of haste
 q - a potion of curing {unknown}
 z - 2 potions of ambrosia
 A - a potion of magic
Books
 r - a book of Unlife

   Spells                             Type                      Level
   a - Recall                         Summoning/Translocation      3
   b - Animate Dead                   Necromancy                   4
   c - Control Undead                 Necromancy                   4
   d - Cigotuvi's Embrace             Necromancy                   5
   e - Death Channel                  Necromancy                   6
   f - Simulacrum                     Ice/Necromancy               6
 t - a book of Misfortune

   Spells                             Type                      Level
   a - Confusing Touch                Hexes                        1
   b - Confuse                        Hexes                        3
   c - Gell's Gravitas                Translocation                3
   d - Petrify                        Transmutation/Earth          4
   e - Metabolic Englaciation         Hexes/Ice                    5
   f - Yara's Violent Unravelling     Hexes/Transmutation          5
Comestibles
 f - 7 bread rations
 l - 4 meat rations
 s - 6 royal jellies


   Skills:
 + Level 8.5(13.5) Fighting
   Level 1.0(6.0) Short Blades
 + Level 8.2(13.2) Maces & Flails
 - Level 3.7(8.7) Dodging
 - Level 1.3(6.3) Stealth
 + Level 7.3 Invocations
 + Level 5.3 Evocations


You had 9 spell levels left.
You didn't know any spells.

Dungeon Overview and Level Annotations

Branches:
Dungeon (9/15)             Temple (0/1) D:4
   Lair: D:8-11         Orc: D:9-12

Altars:
Okawaru


Innate Abilities, Weirdness & Mutations

You cannot wear most types of armour.
You are very stealthy in the water. (Stealth+)
You are amphibious.
You can wear up to eight rings at the same time.
You can use your tentacles to constrict eight enemies at once.
Your skin changes colour to match your surroundings (Stealth+).
Your rubbery body absorbs attacks. (AC +1, EV +1)
You are partially covered in icy blue scales. (AC +2)
You are partially covered in slimy green scales. (AC +2)
Your muscles are strong. (Str +2)


Message History

The yak gores you!
* * * LOW HITPOINT WARNING * * *
You gain the combat prowess of a mighty hero.
The yak closely misses you.
You hit the yak.
Your tentacle-slap misses the yak.
The yak is severely wounded.
The yak closely misses you.
You hit the yak but do no damage.
The yak is severely wounded.
The yak snorts and paws the ground.
You hit the yak but do no damage. You squeeze the yak.
The yak is almost dead.
The yak gores you.
* * * LOW HITPOINT WARNING * * *
It was a potion of magic.
Magic courses through your body. The yak gores you!
* * * LOW HITPOINT WARNING * * *
You hit the yak.
The yak is almost dead.
The yak gores you!
You die...

#.#######..>....#
##.# #.#####.#
...# #.# #.# ##.#
#.# #.########
#.# #.#
#......... #.#
#.#####.########
#.# #.......# #.#
#.#####.# # #.#
#@# ... ##.#
#Y##...P. ..
#YY..PP.. ##
#.#P†P.PP
#†....PPP
...P.P.Y.
##..P.P.P .PP....
##.# .......


You could see 3 yaks.

Vanquished Creatures
  A two-headed ogre (D:9)
  3 hogs
  Prince Ribbit (D:5)
  A hippogriff (D:7)
  3 yaks (D:9)
  A water moccasin (D:7)
  A phantom (D:5)
  A necrophage (D:8)
  2 ogres
  A centaur (D:8)
  7 bullfrogs
  3 scorpions
  3 howler monkeys
  2 jellies
  A centaur zombie (D:5)
  3 crimson imps
  A quasit (D:9)
  3 hounds
  6 orc priests
  A centaur skeleton (D:4)
  An iguana (D:4)
  8 orc wizards
  4 worker ants
  Terence (D:3)
  A hound zombie (D:8)
  A howler monkey zombie (D:8)
  6 gnolls
  9 adders
  A shadow imp (D:6)
  An adder skeleton (D:5)
  An adder zombie (D:5)
  3 worms
  A dart slug (D:1)
  6 leopard geckos
  18 orcs
  A giant cockroach (D:2)
  7 goblins
  8 hobgoblins
  8 jackals
  5 kobolds
  4 quokkas
  6 bats
  7 frilled lizards
  2 rats (D:1)
155 creatures vanquished.

Vanquished Creatures (collateral kills)
  2 yaks (D:9)
  2 porcupines (D:9)
  A crocodile (D:9)
  A bullfrog (D:9)
  A gnoll (D:2)
7 creatures vanquished.

Vanquished Creatures (others)
  A human (D:6)
  A hog (D:6)
  A worker ant (D:4)
  26 fungi (D:9)
  8 plants (D:9)
37 creatures vanquished.

Grand Total: 199 creatures vanquished

Notes
Turn   | Place    | Note
-------+----------+-------------------------------------------
     0 | D:1      | Ijustatesigmund the Octopode Artificer began the quest for the Orb.
     0 | D:1      | Reached XP level 1. HP: 13/13 MP: 3/3
    24 | D:1      | Reached XP level 2. HP: 5/19 MP: 4/4
   588 | D:1      | Reached skill level 1 in Maces & Flails
   616 | D:1      | Reached XP level 3. HP: 21/25 MP: 5/5
   847 | D:2      | Reached XP level 4. HP: 23/31 MP: 6/6
  1362 | D:2      | Reached XP level 5. HP: 31/36 MP: 7/7
  2015 | D:3      | You fall through a shaft for 3 floors!
  2057 | D:5      | Entered Level 5 of the Dungeon
  2097 | D:4      | Found an iron altar of Okawaru.
  2100 | D:4      | Became a worshipper of Warmaster Okawaru
  2231 | D:3      | Reached XP level 6. HP: 44/44 MP: 8/8
  2302 | D:3      | Noticed Terence
  2307 | D:3      | Killed Terence
  2426 | D:3      | You fall through a shaft!
  2426 | D:4      | Found a staircase to the Ecumenical Temple.
  3482 | D:4      | Reached skill level 5 in Fighting
  3484 | D:4      | Gained mutation: Your muscles are strong. (Str +2) [potion of mutation]
  3484 | D:4      | Gained mutation: You are partially covered in icy blue scales. (AC +2) [potion of mutation]
  3484 | D:4      | Gained mutation: You are partially covered in slimy green scales. (AC +2) [potion of mutation]
  3645 | D:4      | Reached * piety under Okawaru
  3645 | D:4      | Reached XP level 7. HP: 46/50 MP: 9/9
  3993 | D:4      | Reached skill level 1 in Invocations
  4577 | D:5      | Noticed Prince Ribbit
  4591 | D:5      | Killed Prince Ribbit
  4591 | D:5      | Reached skill level 5 in Maces & Flails
  4720 | D:5      | Reached XP level 8. HP: 57/57 MP: 10/10
  4765 | D:5      | Reached ** piety under Okawaru
  6727 | D:6      | Killed a hog
  6727 | D:6      | Reached XP level 9. HP: 58/63 MP: 12/12
  6834 | D:7      | Reached skill level 5 in Invocations
  7215 | D:7      | Reached *** piety under Okawaru
  8482 | D:9      | Noticed a troll
  8856 | D:9      | Reached XP level 10. HP: 64/72 MP: 15/15
  8870 | D:9      | Reached **** piety under Okawaru
  8877 | D:9      | Reached skill level 5 in Evocations
  9190 | D:9      | Noticed a two-headed ogre
  9216 | D:9      | Killed a two-headed ogre
  9225 | D:9      | Slain by a yak

Vault maps used:
D:1:      evilmike_arrival_home_sweet_home
D:3:      uniq_terence
D:4:      minmay_temple_entry_junction, okawaru_metal_pillars_1_2
D:5:      first_bread, dk_noncrumbling_3, uniq_prince_ribbit1
D:6:      minmay_misc_feat_roman
D:7:      grunt_livestock
D:9:      kennysheep_little_box, due_lair_maze_entry_diamond, orc_0_dummy

Skill      XL: |  1  2  3  4  5  6  7  8  9 10 |
---------------+-------------------------------+-----
Fighting       | 2 3 4 5 6 8 |  8.5
Maces & Flails | 1 2 3 4 5 6 7 8 |  8.2
Invocations    | 2 4 6 7 |  7.3
Dodging        | 3 |  3.7
Evocations     | 4 5 |  5.3
Short Blades   | |  1.0
Stealth        | |  1.3

Action                   |  1- 3 |  4- 6 |  7- 9 | 10-12 || total
-------------------------+-------+-------+-------+-------++-------
Melee: Short sword       |    10 |       |       |       ||    10
       Tentacles         |    14 |    28 |    61 |     6 ||   109
       Constrict         |    18 |    26 |    55 |     3 ||   102
       Whip              |    53 |    32 |       |       ||    85
       Flail             |       |    85 |   235 |    26 ||   346
       Punch             |       |       |     2 |     1 ||     3
Invok: Heroism           |       |       |     8 |     2 ||    10
Evoke: Wand              |       |     7 |    13 |     4 ||    24
  Use: Scroll            |     8 |     7 |     4 |       ||    19
       Potion            |     1 |     3 |     1 |     1 ||     6
 Stab: Sleeping          |     1 |     9 |    13 |       ||    23
       Distracted        |       |     1 |       |       ||     1
  Eat: Chunk             |       |     6 |    12 |       ||    18
       Royal jelly       |       |     1 |     1 |       ||     2
       Fruit             |       |       |     4 |       ||     4
Armor: Skin              |     2 |     6 |    46 |     1 ||    55
Dodge: Dodged            |    47 |    82 |   180 |    19 ||   328

Table legend:
 A = Spawn XP
 B = Non-spawn XP
 C = Spawn XP percentage of total XP
 D = Spawn monster count
 E = Non-spawn monster count
 F = Spawn count percentage of total count
 G = Total turns spent on level
                    A         B        C        D         E        F      G
               +---------+---------+-------+---------+---------+-------+---------
         Total |       0 |    5909 |   0.0 |       0 |     164 |   0.0 |  9225
               +---------+---------+-------+---------+---------+-------+---------
           D:1 |       0 |      34 |   0.0 |       0 |      19 |   0.0 |   691
           D:2 |       0 |     164 |   0.0 |       0 |      28 |   0.0 |   970
           D:3 |       0 |     188 |   0.0 |       0 |      13 |   0.0 |   879
           D:4 |       0 |     365 |   0.0 |       0 |      17 |   0.0 |  1677
           D:5 |       0 |     659 |   0.0 |       0 |      12 |   0.0 |  1070
           D:6 |       0 |     873 |   0.0 |       0 |      16 |   0.0 |  1435
           D:7 |       0 |    1560 |   0.0 |       0 |      24 |   0.0 |  1273
           D:8 |       0 |     570 |   0.0 |       0 |      19 |   0.0 |   786
           D:9 |       0 |    1496 |   0.0 |       0 |      16 |   0.0 |   444
               +---------+---------+-------+---------+---------+-------+---------
